 Dungeon Crawl Stone Soup version 0.18.1-48-g4cf74bf (webtiles) character file.

36 Fraydo the Sneak (level 3, -1/16 HPs)
             Began as a Spriggan Enchanter on Sept 10, 2016.
             Slain by a goblin
             ... wielding a +0 dagger of electrocution
              (14 damage)
             ... on level 2 of the Dungeon.
             The game lasted 00:03:35 (1177 turns).

Fraydo the Sneak (Spriggan Enchanter)               Turns: 1177, Time: 00:03:36

Health: -1/16      AC:  3    Str:  4    XL:     3   Next: 19%
Magic:  8/8        EV: 18    Int: 16    God:
Gold:   39         SH:  0    Dex: 17    Spells: 2 memorised, 4 levels left

rFire  . . .     SeeInvis +     a - +1 dagger
rCold  . . .     Gourm    .     b - +1 robe
rNeg   . . .     Faith    .     (shield restricted)
rPois  .         Spirit   .     (helmet restricted)
rElec  .         Dismiss  .     (no cloak)
rCorr  .         Reflect  .     (gloves unavailable)
SustAt .         Harm     .     (boots unavailable)
MR     +....                    (no amulet)
Stlth  ++++......               (no ring)
                                h - ring of protection from magic

@: very quick, somewhat resistant to hostile enchantments, stealthy
A: unfitting armour, see invisible, herbivore 3, speed 3, slow metabolism 2
a: no special abilities


You were on level 2 of the Dungeon.
You were not hungry.

You visited 1 branch of the dungeon, and saw 2 of its levels.

You collected 39 gold pieces.

Inventory:

Hand Weapons
 a - a +1 dagger (weapon)
Missiles
 i - 19 stones (quivered)
Armour
 b - a +1 robe (worn)
Jewellery
 h - a ring of protection from magic (left hand)
Scrolls
 f - a scroll of noise {unknown}
 g - 2 scrolls of enchant weapon {unknown}
 j - a scroll of remove curse {unknown}
 k - a scroll of fog {unknown}
 l - a scroll of identify {unknown}
Potions
 e - a potion of degeneration {unknown}
 n - 2 potions of cancellation {unknown}
Books
 c - a book of Maledictions

   Spells                             Type                      Level
   a - Corona                         Hexes                        1
   b - Ensorcelled Hibernation        Hexes/Ice                    2
   c - Confuse                        Hexes                        3
   d - Tukima's Dance                 Hexes                        3
   e - Dazzling Spray                 Conjuration/Hexes            3
Comestibles
 d - 2 bread rations
 m - a slice of pizza


   Skills:
 + Level 2.1 Short Blades
 - Level 3.0 Dodging
 + Level 6.0 Stealth
 - Level 2.6 Spellcasting
 - Level 3.6 Hexes


You had 4 spell levels left.
You knew the following spells:

 Your Spells              Type           Power        Failure   Level  Hunger
a - Corona                Hex            ##.....      6%          1    #......
b - Ensorcelled Hibernat  Hex/Ice        #.....       17%         2    ##.....


Dungeon Overview and Level Annotations

Branches:
Dungeon (2/15)

Altars:


Innate Abilities, Weirdness & Mutations

You are tiny and cannot use many weapons and most armour.
You have supernaturally acute eyesight.
You are a herbivore.
You cover ground extremely quickly.
You need consume almost no food.


Message History

No target in view!
You see here a kobold corpse.
A goblin comes into view.
It is wielding a dagger of electrocution.
The goblin shouts!
A goblin is nearby!
The goblin completely misses you.
You hit the goblin.
The goblin is severely wounded.
The goblin closely misses you.
You closely miss the goblin.
The goblin is severely wounded.
The goblin hits you with a dagger of electrocution.
You barely miss the goblin.
The goblin is severely wounded.
The goblin completely misses you.
You barely miss the goblin.
The goblin is severely wounded.
The goblin hits you but does no damage.
You are electrocuted!
Ouch! That really hurt!
You die...

# .# #######.# .#
'.....#.# .#
##....#.# .#
##....#.# .#
##....#.# .#
##....#.##########.#
#..............g@..#
#.....#.#########..#
#.#.......#.%......#
#.#.#.#.#.##†####.##
....#...#.......#...
#.###...#.##.#.######
.....<...........
#.#...#.#.##.####.
..........##.. .#


You could see a goblin.

Vanquished Creatures
  A giant gecko (D:1)
  4 bats
  A giant cockroach (D:1)
  5 hobgoblins
  6 jackals (D:1)
  5 goblins
  6 kobolds
  4 rats (D:1)
32 creatures vanquished.

Notes
Turn   | Place    | Note
--------------------------------------------------------------
     0 | D:1      | Fraydo the Spriggan Enchanter began the quest for the Orb.
     0 | D:1      | Reached XP level 1. HP: 9/9 MP: 5/5
   244 | D:1      | Reached XP level 2. HP: 11/13 MP: 6/6
   252 | D:1      | Reached skill level 5 in Stealth
   928 | D:1      | Reached XP level 3. HP: 11/16 MP: 8/8
  1021 | D:1      | Learned a level 2 spell: Ensorcelled Hibernation
  1109 | D:2      | Reached skill level 6 in Stealth
  1177 | D:2      | Slain by a goblin

Skill      XL: |  1  2  3 |
---------------+----------+-----
Stealth        | 5 6 |  6.0
Short Blades   | 2 |  2.1
Dodging        | |  3.0
Spellcasting   | |  2.6
Hexes          | |  3.6

Action                   || total
-------------------------++-------
Melee: Dagger            ||   105
  Use: Scroll            ||     1
 Stab: Sleeping          ||    14
       Distracted        ||     1
Armor: Robe              ||     8
Dodge: Dodged            ||    58
